 Dungeon Crawl Stone Soup version 0.26-a0-6-g448add79b7 (webtiles) character file.

Game seed: 845852503978565897, levelgen mode: deterministic

251 Essalna the Firebug (level 6, -4/45 HPs)
             Began as a Hill Orc Fire Elementalist on May 24, 2020.
             Slain by an ice beast (13 damage)
             ... on level 4 of the Dungeon.
             The game lasted 00:07:23 (4282 turns).

Essalna the Firebug (Hill Orc Fire Elementalist)    Turns: 4282, Time: 00:07:24

Health: -4/45      AC:  3    Str: 11    XL:     6   Next: 13%
Magic:  10/10      EV: 12    Int: 17    God:
Gold:   179        SH:  0    Dex: 11    Spells: 10/11 levels left

rFire    . . .     SeeInvis +   q - +0 whip (venom)
rCold    . . .     Gourm    .   (no shield)
rNeg     . . .     Faith    .   a - +0 robe
rPois    .         Spirit   .   (no helmet)
rElec    .         Reflect  .   o - +0 cloak
rCorr    .         Harm     .   (no gloves)
MR       .....                  (no boots)
Stlth    ++........             (no amulet)
HPRegen  0.15/turn              m - ring of see invisible
MPRegen  0.12/turn              (no ring)

@: no status effects
A: no striking features
a: no special abilities


You were on level 4 of the Dungeon.
You were hungry.

You visited 1 branch of the dungeon, and saw 4 of its levels.

You collected 179 gold pieces.

Inventory:

Hand Weapons
 b - a +0 dagger
 q - a +0 whip of venom (weapon)
Armour
 a - a +0 robe (worn)
 o - a +0 cloak (worn)
Jewellery
 m - a ring of see invisible (left hand)
Wands
 g - a wand of disintegration (24)
Scrolls
 d - a scroll of blinking {unknown}
 f - 4 scrolls of teleportation {unknown}
 h - 2 scrolls of identify {unknown}
 i - 2 scrolls of fog {unknown}
 k - a scroll of immolation {unknown}
 p - a scroll of enchant weapon {unknown}
Potions
 e - 3 potions of degeneration {unknown}
 j - 2 potions of might {unknown}
 l - a potion of heal wounds {unknown}
 r - a potion of flight {unknown}
Comestibles
 c - 8 rations


   Skills:
 - Level 1.5 Dodging
 - Level 1.5 Stealth
 + Level 3.0 Spellcasting
 + Level 3.4 Conjurations
 + Level 4.9 Fire Magic


You had 10 spell levels left.
You knew the following spells:

 Your Spells              Type           Power        Failure   Level  Hunger
a - Foxfire               Conj/Fire      ###.         3%          1    None

Your spell library contained the following spells:

 Spells                   Type           Power        Failure   Level  Hunger
 Conjure Flame            Conj/Fire      ###.....     10%         3    ###....
 Inner Flame              Hex/Fire       ##......     19%         3    ###....
 Sticky Flame             Conj/Fire      ###.....     30%         4    ####...
 Fireball                 Conj/Fire      ###.......   65%         5    ######.


Dungeon Overview and Level Annotations

Branches:
Dungeon (4/15)
 Temple: D:4-7

Altars:
Hepliaklqana


Message History

The ice beast is moderately wounded.
The ice beast closely misses you.
You barely miss the ice beast.
The ice beast is moderately wounded.
The ice beast hits you. The ice beast freezes you!
You closely miss the ice beast.
The ice beast is heavily wounded.
The ice beast completely misses you.
You barely miss the ice beast.
The ice beast is heavily wounded.
The ice beast hits you. The ice beast freezes you.
You hit the ice beast.
The ice beast looks even sicker.
The ice beast is heavily wounded.
The ice beast hits you. The ice beast freezes you.
* * * LOW HITPOINT WARNING * * *
The ice beast completely misses you. The ice beast hits you.
* * * LOW HITPOINT WARNING * * *
The ice beast freezes you!
You die...

### #.#
#.#################
#...............@.#
#.###############Y#
#.#........# #.#
#.#.######.# #.#
#†#.######.######.#
#...............#.#
###+#######.###.#'#
##......###.# ...
............# .....


You could see an ice beast (very poisoned).

Vanquished Creatures
  An ogre (D:4)
  A scorpion (D:4)
  An orc priest (D:3)
  An adder skeleton (D:3)
  2 worms
  3 dart slugs
  A leopard gecko (D:1)
  5 orcs
  A ball python (D:1)
  7 bats
  2 giant cockroaches
  8 goblins
  8 hobgoblins
  4 jackals (D:3)
  11 kobolds
  A quokka (D:3)
  3 frilled lizards
  4 rats
64 creatures vanquished.

Vanquished Creatures (collateral kills)
  2 rats
2 creatures vanquished.

Vanquished Creatures (others)
  215 foxfires
215 creatures vanquished.

Grand Total: 281 creatures vanquished

Notes
Turn   | Place    | Note
-------+----------+-------------------------------------------
     0 | D:1      | Essalna the Hill Orc Fire Elementalist began the quest for
                  | the Orb.
     0 | D:1      | Reached XP level 1. HP: 14/14 MP: 3/3
   237 | D:1      | Reached XP level 2. HP: 20/20 MP: 0/4
   995 | D:1      | Reached XP level 3. HP: 26/26 MP: 3/6
  2727 | D:3      | Reached skill level 4 in Fire Magic
  2872 | D:3      | Reached XP level 4. HP: 33/33 MP: 3/7
  2876 | D:3      | Found a hazy altar of Hepliaklqana.
  3630 | D:3      | Reached XP level 5. HP: 26/38 MP: 5/8
  3960 | D:4      | Noticed an ogre
  3982 | D:4      | Killed an ogre
  4091 | D:4      | Reached XP level 6. HP: 31/45 MP: 1/10
  4268 | D:4      | Noticed an ice beast
  4282 | D:4      | Slain by an ice beast

Illustrated notes

Levels and vault maps discovered:
D:1:      nicolae_arrival_somewhat_less_tricky_arrival, layout_basic,
          serial_forest, infiniplex_forest_fountain,
          infiniplex_forest_lined_room_2, infiniplex_forest_diagonal,
          infiniplex_forest_clump_medium, infiniplex_forest_straight_2
D:2:      layout_loops_ring
D:3:      layout_basic, lemuel_coloured_pillars_altar, minmay_bisected
D:4:      layout_basic, minmay_temple_entry_antechambers, uniq_menkaure,
          uniq_edmund, uniq_duvessa

Skill      XL: |  1  2  3  4  5 |
---------------+----------------+-----
Spellcasting   | 2 3 |  3.0
Conjurations   | 2 3 |  3.4
Fire Magic     | 4 |  4.9
Dodging        | |  1.5
Stealth        | |  1.5

Action                   |  1- 3 |  4- 6 || total
-------------------------+-------+-------++-------
Melee: Unarmed           |     3 |       ||     3
       Dagger            |    17 |     9 ||    26
       Whip              |       |    14 ||    14
 Cast: Foxfire           |    93 |    60 ||   153
 Stab: Sleeping          |     2 |       ||     2
  Eat: Chunk             |     8 |     4 ||    12
Armor: Robe              |     4 |     2 ||     6
Dodge: Dodged            |    20 |    18 ||    38

Table legend:
 A = Non-vault XP
 B = Vault XP
 C = Vault XP percentage of total XP
 D = Non-vault monster count
 E = Vault monster count
 F = Vault count percentage of total count
                 A         B        C        D         E       F
            +---------+---------+-------+---------+---------+-------
      Total |     354 |       5 |   1.4 |      63 |       3 |   4.5
            +---------+---------+-------+---------+---------+-------
        D:1 |      48 |       0 |   0.0 |      24 |       0 |   0.0
        D:2 |      23 |       0 |   0.0 |      11 |       0 |   0.0
        D:3 |      95 |       5 |   5.0 |      26 |       3 |  10.3
        D:4 |     188 |       0 |   0.0 |       2 |       0 |   0.0
            +---------+---------+-------+---------+---------+-------
